 Dungeon Crawl Stone Soup version 0.30-a0-377-g5cb311bc9f (webtiles) character file.

Game seed: 15713497195429258656

77 Shayle the Conjurer (level 4, 0/35 HPs)
             Began as a Demonspawn Reaver on Nov 30, 2022.
             Slain by Ijyb
             ... wielding a +4 club
              (6 damage)
             ... on level 4 of the Dungeon.
             The game lasted 00:04:53 (1375 turns).

Shayle the Conjurer (Demonspawn Reaver)             Turns: 1375, Time: 00:04:53

Health: 0/35       AC:  5    Str: 12    XL:     4   Next: 13%
Magic:  0/7        EV: 11    Int: 16    God:
Gold:   40         SH:  0    Dex: 12    Spells: 3/7 levels left

rFire   . . .      SeeInvis .    a - +0 hand axe
rCold   . . .      Faith    .    (no shield)
rNeg    . . .      Spirit   +    b - +0 leather armour
rPois   .          Reflect  .    (no helmet)
rElec   .          Harm     .    i - +0 cloak
rCorr   .          Rampage  .    c - +0 pair of gloves
Will    .....                    (no boots)
Stlth   ++........               f - amulet of regeneration
HPRegen 1.05/turn                (no ring)
MPRegen 0.20/turn                (no ring)

@: no status effects
A: magic shield, magic regeneration
a: no special abilities


You were on level 4 of the Dungeon.
You visited 1 branch of the dungeon, and saw 4 of its levels.

You collected 40 gold pieces.

Inventory:

Hand Weapons
 a - a +0 hand axe (weapon)
Missiles
 l - 6 boomerangs
Armour
 b - a +0 leather armour (worn)
 c - a +0 pair of gloves (worn)
 i - a +0 cloak (worn)
Jewellery
 f - an amulet of regeneration (around neck)
Scrolls
 d - 3 scrolls of identify {unknown}
 e - a scroll of noise {unknown}
 g - a scroll of teleportation {unknown}
 h - a scroll of vulnerability {unknown}
Potions
 j - a potion of curing
 k - a potion of lignification {unknown}


   Skills:
 + Level 3.0 Fighting
 - Level 2.6 Axes
 + Level 1.8 Armour
 - Level 1.7 Dodging
 + Level 2.0 Stealth
 - Level 2.0 Spellcasting
 - Level 3.0 Conjurations


You had 3 spell levels left.
You knew the following spells:

 Your Spells              Type           Power      Damage    Failure   Level
a - Kiss of Death         Conj/Necr      24%        2d7       14%         1
b - Hailstorm             Conj/Ice       6%         3d4       38%         3

Your spell library contained the following spells:

 Spells                   Type           Power      Damage    Failure   Level
 Momentum Strike          Conj/Tloc      12%        3d8       22%         2
 Freeze                   Ice            4%         1d3       26%         1
 Frozen Ramparts          Ice            2%         1d1       61%         3


Dungeon Overview and Level Annotations

Branches:
Dungeon (4/15)
 Temple: D:4-7

Altars:

Annotations:
D:2 Terence
D:3 Grinder
D:4 Ijyb


Innate Abilities, Weirdness & Mutations

When hurt, damage is shared between your health and your magic reserves.
You regenerate magic rapidly.


Message History

The adder poisons you! The adder closely misses you.
You closely miss the adder.
The adder is moderately wounded.
You feel sick. The adder bites you.
You hit the adder.
The adder is almost dead.
You feel sick. The adder bites you.
You are more poisoned.
The adder poisons you!
You hit the adder.
You kill the adder!
You feel very sick.
Your Fighting skill increases to level 3!
Your Stealth skill increases to level 2!
You have reached level 4!
You feel agile.
Your demonic ancestry asserts itself...
You feel your magical essence form a protective shroud around your flesh.
You feel sick.
You see here an adder corpse.
You hit Ijyb but do no damage.
You feel sick. Ijyb hits you with a +4 club. Ijyb completely misses you.
You hit Ijyb but do no damage.
You feel sick.
Ijyb zaps a wand.
The puff of flame hits you!
* * * LOW HITPOINT WARNING * * *
You hit Ijyb but do no damage.
You feel sick. Ijyb closely misses you.
Unknown command.
It was a potion of curing.
You feel better. Ijyb hits you with a +4 club.
You hit Ijyb.
Ijyb is lightly wounded.
Ijyb zaps a wand.
The puff of flame hits you!
* * * LOW HITPOINT WARNING * * *
You completely miss Ijyb.
Ijyb is lightly wounded.
Ijyb hits you with a +4 club.
* * * LOW HITPOINT WARNING * * *
You hit Ijyb.
Ijyb is lightly wounded.
Ijyb screams, "I dance on your bones!" Ijyb hits you with a +4 club.
You die...

........# ......<.#
#..........# ........#
#..........# .......##
#..........# ........#
#..........# ........#
#..........# ........#
#........# ........# #.g..$.#
........# #@## #########
.....<.## #..# #.......#
#..>..###########.###†....>.#
......................).....#
#####################.......#
#.(.....# #########


You could see Ijyb.

Vanquished Creatures
  4 adders
  2 dart slugs (D:1)
  An endoplasm (D:2)
  A giant cockroach (D:1)
  4 goblins
  4 hobgoblins (D:1)
  4 kobolds
  A quokka (D:1)
  7 ball pythons
  2 frilled lizards (D:1)
  4 rats (D:1)
34 creatures vanquished.

Notes
Turn   | Place    | Note
-------+----------+-------------------------------------------
     0 | D:1      | Shayle the Demonspawn Reaver began the quest for the Orb.
     0 | D:1      | Reached XP level 1. HP: 16/16 MP: 3/3
   195 | D:1      | Gained mutation: You regenerate magic rapidly. [demonic
                  | ancestry]
   195 | D:1      | Reached XP level 2. HP: 22/22 MP: 5/5
   258 | D:1      | Reached skill level 1 in Stealth
   419 | D:1      | Reached skill level 1 in Armour
   510 | D:1      | Found a faded altar of an unknown god.
   784 | D:1      | Reached XP level 3. HP: 26/26 MP: 6/6
   882 | D:2      | Noticed Terence
  1289 | D:3      | Noticed Grinder
  1325 | D:4      | Learned a level 3 spell: Hailstorm
  1354 | D:4      | Noticed Ijyb
  1368 | D:4      | Gained mutation: When hurt, damage is shared between your
                  | health and your magic reserves. [demonic ancestry]
  1368 | D:4      | Reached XP level 4. HP: 19/35 MP: 7/7
  1375 | D:4      | Slain by Ijyb

Illustrated notes

Levels and vault maps discovered:
D:1:      mainiacjoe_arrival_reflecting_pool, layout_basic,
          chequers_ecumenical_altar_grove, palyth_stone_intersect, hex_large,
          serial_park_tiny_1, minmay_split_cup_small
D:2:      layout_rooms, uniq_terence
D:3:      layout_loops_ring, riverfiend_overflow_shadow_ancestor, uniq_grinder
D:4:      layout_rooms, mainiacjoe_overflow_surrounded_room, uniq_ijyb,
          uniq_eustachio

Skill      XL: |  1  2  3 |
---------------+----------+-----
Stealth        | 1 2 |  2.0
Armour         | 1 |  1.8
Fighting       | 3 |  3.0
Axes           | |  2.6
Dodging        | |  1.7
Spellcasting   | |  2.0
Conjurations   | |  3.0

Action                   |  1- 3 |  4- 6 || total
-------------------------+-------+-------++-------
Melee: Hand axe          |   146 |     6 ||   152
 Cast: Kiss of Death     |     1 |       ||     1
  Use: Potion            |       |     1 ||     1
 Stab: Sleeping          |     2 |       ||     2
Armor: Leather armour    |    44 |       ||    44
Dodge: Dodged            |   122 |     2 ||   124

Table legend: (Time is in decaauts)
 A = Elapsed time spent in this place.
 B = Non-inter-level travel time spent in this place.
 C = Inter-level travel time spent in this place.
 D = Time resting spent in this place.
 E = Time spent auto-exploring this place.
 F = Levels seen in this place.
 G = Mean time per level.
                   A        B        C        D        E       F      G
               +--------+--------+--------+--------+--------+-----+--------+
         Total |   1400 |   1395 |      5 |    215 |    732 |   4 |  350.0 |
       Dungeon |   1400 |   1395 |      5 |    215 |    732 |   4 |  350.0 |
               +--------+--------+--------+--------+--------+-----+--------+

Top non-repeatable levels by time:
     D:1: 895 daAuts
     D:3: 237 daAuts
     D:2: 184 daAuts
     D:4: 83 daAuts
